 Dungeon Crawl Stone Soup version 0.21.1-1-g345015f (webtiles) character file.

1398 kae the Insei (level 8, -2/60 HPs)
             Began as a Demonspawn Transmuter on June 11, 2018.
             Was a Believer of Okawaru.
             Slain by a sky beast (3 damage)
             ... on level 6 of the Dungeon.
             The game lasted 00:07:05 (6236 turns).

kae the Insei (Demonspawn Transmuter)               Turns: 6236, Time: 00:07:06

Health: -2/60      AC:  2    Str: 11    XL:     8   Next: 41%
Magic:  5/14       EV: 23    Int: 18    God:    Okawaru [**....]
Gold:   168        SH:  0    Dex: 24    Spells: 9/15 levels left

rFire    . . .     SeeInvis .     - Unarmed
rCold    . . .     Gourm    .   (shield currently unavailable)
rNeg     . . .     Faith    .   (armour currently unavailable)
rPois    x         Spirit   .   (helmet currently unavailable)
rElec    .         Reflect  .   (cloak currently unavailable)
rCorr    .         Harm     .   (gloves currently unavailable)
MR       .....                  (boots currently unavailable)
Stlth    ++++......             (no amulet)
HPRegen  0.20/turn              t - +3 ring of slaying
MPRegen  0.14/turn              p - +3 ring of intelligence

@: spider-form, very slightly contaminated
A: tiny, thin skeletal structure 2, nightstalker 1
a: End Transformation, Heroism, Renounce Religion


You were on level 6 of the Dungeon.
You worshipped Okawaru.
Okawaru was pleased with you.
You were very hungry.
You were a venomous arachnid creature.
You visited 1 branch of the dungeon, and saw 8 of its levels.

You collected 216 gold pieces.
You spent 48 gold pieces at shops.

Inventory:

Missiles
 a - 81 arrows
Armour
 b - a +0 robe (melded)
Magical Staves
 y - an uncursed staff of cold
Jewellery
 l - an uncursed ring of resist corrosion
 p - a +3 ring of intelligence (right front leg)
 q - an uncursed ring of stealth
 t - a +3 ring of slaying (left front leg)
 x - a cursed ring of teleportation {unknown}
Wands
 f - a wand of random effects (80)
 s - a wand of acid (18)
Scrolls
 e - 3 scrolls of teleportation
 g - 3 scrolls of remove curse
 h - a scroll of enchant weapon
 i - a scroll of amnesia
 j - 12 scrolls of identify
 v - 2 scrolls of blinking
 z - a scroll of magic mapping {unknown}
 B - a scroll of immolation {unknown}
 C - a scroll of vulnerability {unknown}
Potions
 k - a potion of heal wounds
 m - 2 potions of ambrosia
 n - 2 potions of flight
 o - a potion of invisibility
 r - a potion of resistance
 u - 3 potions of brilliance
 w - a potion of curing
 A - 2 potions of degeneration {unknown}
Books
 c - a book of Changes

   Spells                             Type                      Level
   a - Beastly Appendage              Transmutation                1
   b - Sticks to Snakes               Transmutation                2
   c - Spider Form                    Transmutation/Poison         3
   d - Ice Form                       Ice/Transmutation            4
   e - Blade Hands                    Transmutation                5
Comestibles
 d - 13 rations


   Skills:
 + Level 4.2 Fighting
 + Level 4.1 Dodging
 * Level 6.1 Unarmed Combat
 + Level 4.3 Spellcasting
 + Level 4.1 Transmutations


You had 9 spell levels left.
You knew the following spells:

 Your Spells              Type           Power        Failure   Level  Hunger
a - Beastly Appendage     Tmut           ###...       10%         1    None
b - Sticks to Snakes      Tmut           ###.....     12%         2    ##.....
c - Spider Form           Tmut/Pois      ##........   38%         3    ###....


Dungeon Overview and Level Annotations

Branches:
Dungeon (8/15)             Temple (0/1) D:5
   Lair: D:8-11

Altars:
Dithmenos
Gozag
Okawaru
Yredelemnul
Zin

Shops:
D:4 ?[   D:5 }

Annotations:
D:4 kae's ghost, amateur OpTm
D:7 wojtek's ghost, novice MiFi


Innate Abilities, Weirdness & Mutations

((You have sharp toenails.))
You have a moderately thin skeletal structure. (Dex +4, Stealth+)
You are slightly more attuned to the shadows.
((You are partially covered in sharp spines.))


Message History

You feel slightly ill.
Casting: Spider Form
Confirm with . or Enter, or press ? or * to list all spells.
You miscast Spider Form.
Wisps of poison gas drift from your hands.
The sky beast flickers out of sight!
Deactivating autopickup; reactivate with Ctrl-A.
Casting: Spider Form
Confirm with . or Enter, or press ? or * to list all spells.
You turn into a venomous arachnid creature.
Your +0 robe melds into your body.
Something hits you.
* * * LOW HITPOINT WARNING * * *
Something shocks you.
* * * LOW HITPOINT WARNING * * *
Something hits you.
* * * LOW HITPOINT WARNING * * *
Something shocks you.
* * * LOW HITPOINT WARNING * * *
You closely miss something. Something hits you.
You die...

#########
<.......
#.......
#s......
########


There were no monsters in sight!

Vanquished Creatures
  2 ogres (D:5)
  An ice beast (D:5)
  A phantom (D:7)
  A bullfrog (D:7)
  4 killer bees (D:7)
  4 howler monkeys
  2 crimson imps (D:7)
  A bullfrog zombie (D:6)
  An orc priest (D:5)
  2 hounds (D:6)
  A jelly (D:6)
  4 orc wizards
  Jessica (D:3)
  Terence (D:3)
  A bullfrog skeleton (D:7)
  An iguana (D:4)
  5 worker ants
  5 adders
  2 oozes
  A worm (D:2)
  3 leopard geckos
  7 orcs
  2 ball pythons
  5 giant cockroaches
  7 goblins
  7 hobgoblins
  13 jackals
  A quokka (D:5)
  5 bats
  4 frilled lizards
  A jackal zombie (D:5)
  3 kobolds
  A quokka zombie (D:5)
  4 rats
104 creatures vanquished.

Notes
Turn   | Place    | Note
-------+----------+-------------------------------------------
     0 | D:1      | kae the Demonspawn Transmuter began the quest for the Orb.
     0 | D:1      | Reached XP level 1. HP: 15/15 MP: 3/3
   171 | D:1      | Mutation became permanent: You have razor-sharp toenails. [demonic ancestry]
   171 | D:1      | Gained mutation: You have claws for feet. [demonic ancestry]
   171 | D:1      | Reached XP level 2. HP: 18/21 MP: 3/5
   187 | D:1      | Reached skill level 3 in Unarmed Combat
   296 | D:1      | Reached XP level 3. HP: 16/26 MP: 4/6
   574 | D:1      | Learned a level 2 spell: Sticks to Snakes
   621 | D:1      | Learned a level 3 spell: Spider Form
   952 | D:2      | Gained mutation: You have a somewhat thin skeletal structure. (Dex +2, Stealth) [demonic ancestry]
   952 | D:2      | Reached XP level 4. HP: 24/33 MP: 2/7
  1074 | D:2      | Found an iron altar of Okawaru.
  1651 | D:3      | Noticed Jessica
  1661 | D:3      | Killed Jessica
  1661 | D:3      | Gained mutation: You have a moderately thin skeletal structure. (Dex +4, Stealth+) [demonic ancestry]
  1661 | D:3      | Reached XP level 5. HP: 35/38 MP: 2/9
  1689 | D:2      | Found a basalt altar of Yredelemnul.
  1908 | D:3      | Noticed Terence
  1920 | D:3      | Killed Terence
  2146 | D:2      | Became a worshipper of Warmaster Okawaru
  2393 | D:4      | Reached skill level 4 in Unarmed Combat
  2952 | D:4      | Noticed kae's ghost (amateur OpTm)
  3082 | D:4      | Gained mutation: You are partially covered in sharp spines. [demonic ancestry]
  3082 | D:4      | Reached XP level 6. HP: 38/46 MP: 6/10
  3270 | D:4      | Found Ekho Cil's Magic Scroll Emporium.
  3280 | D:4      | Bought a scroll of identify for 24 gold pieces
  3280 | D:4      | Bought a scroll of identify for 24 gold pieces
  3571 | D:4      | Found Zutef's Antique Armour Shop.
  3687 | D:4      | Found an opulent altar of Gozag.
  3849 | D:5      | Entered Level 5 of the Dungeon
  3858 | D:5      | Found Emmib's Gadget Shoppe.
  4072 | D:5      | Noticed an ice beast
  4099 | D:5      | Killed an ice beast
  4099 | D:5      | Reached * piety under Okawaru
  4099 | D:5      | Reached XP level 7. HP: 52/52 MP: 4/12
  4281 | D:5      | Found a shadowy altar of Dithmenos.
  4323 | D:5      | Found a staircase to the Ecumenical Temple.
  4397 | D:5      | Reached skill level 5 in Unarmed Combat
  5230 | D:6      | You fall through a shaft for 2 floors!
  5446 | D:7      | Reached ** piety under Okawaru
  5446 | D:7      | Gained mutation: You are slightly more attuned to the shadows. [demonic ancestry]
  5446 | D:7      | Reached XP level 8. HP: 41/60 MP: 9/13
  5919 | D:7      | Found a glowing silver altar of Zin.
  6003 | D:7      | Reached skill level 6 in Unarmed Combat
  6164 | D:7      | Noticed wojtek's ghost (novice MiFi)
  6235 | D:6      | HP: 1/60 [something (5)]
  6236 | D:6      | Slain by a sky beast

Skill      XL: |  1  2  3  4  5  6  7  8 |
---------------+-------------------------+-----
Unarmed Combat | 3 4 5 6 |  6.1
Dodging        | 2 3 4 |  4.1
Transmutations | 2 3 4 |  4.1
Fighting       | 2 3 4 |  4.2
Spellcasting   | 3 4 |  4.3

Action                   |  1- 3 |  4- 6 |  7- 9 || total
-------------------------+-------+-------+-------++-------
Melee: Unarmed           |    68 |   124 |   115 ||   307
       Headbutt          |     2 |     5 |     2 ||     9
       Punch             |     1 |       |       ||     1
       Kick              |     5 |    13 |     4 ||    22
 Cast: Beastly Appendage |    11 |     8 |     3 ||    22
       Sticks to Snakes  |     2 |     6 |     2 ||    10
       Spider Form       |       |    13 |    17 ||    30
  Use: Potion            |     3 |     2 |       ||     5
       Scroll            |       |    11 |       ||    11
 Stab: Sleeping          |       |     8 |     3 ||    11
  Eat: Chunk             |       |    12 |     8 ||    20
Armor: Robe              |    21 |     8 |     1 ||    30
       Skin              |    16 |       |     4 ||    20
Dodge: Dodged            |    42 |    76 |    90 ||   208
